 Dungeon Sprint DCSS version 0.26-a0-667-g92642533e4 (webtiles) character file.

Game seed: 2784643436637401309

13810 sahdkjhfkaj the Zephyrmancer (level 11, -5/55 HPs)
             Began as a Felid Air Elementalist on Oct 17, 2020.
             Was the Champion of Sif Muna.
             Engulfed by a cloud of spectral mist (12 damage)
             ... in the Dungeon (Sprint IX: "|||||||||||||||||||||||||||||").
             The game lasted 00:17:38 (7896 turns).

sahdkjhfkaj the Zephyrmancer (FeAE)                 Turns: 7896, Time: 00:17:39

Health: -5/55      AC:  3    Str:  4    XL:     11   Next: 80%
Magic:  0/27       EV: 29    Int: 22    God:    Sif Muna [******]
Gold:   1022       SH:  0    Dex: 16    Spells: 11/33 levels left
                                        Lives:  0   Deaths: 3

rFire    . . .     SeeInvis +   (weapon unavailable)
rCold    + + .     Faith    .   (shield unavailable)
rNeg     . . .     Spirit   .   (armour unavailable)
rPois    +         Reflect  .   (helmet unavailable)
rElec    .         Harm     .   (cloak unavailable)
rCorr    .         Rampage  .   (gloves unavailable)
MR       +....     NoTele   +   (boots unavailable)
Stlth    +++.......             (no amulet)
HPRegen  0.18/turn              r - ring of protection from cold
MPRegen  0.20/turn              s - ring of poison resistance

@: quick
A: very small, no armour, no weapons or thrown items, stealth, claws 1, fangs 3,
see invisible, speed 1, shaggy fur 3, sharp paws
a: Channel Magic, Forget Spell, Divine Exegesis, Renounce Religion


You were in the Dungeon.
You worshipped Sif Muna.
Sif Muna was exalted by your worship.
You visited 1 branch You collected 1919 gold pieces.
You spent 897 gold pieces at shops.

Inventory:

Jewellery
 r - a ring of protection from cold (left paw)
 s - a ring of poison resistance (right paw)
Wands
 j - a wand of iceblast (10)
Scrolls
 g - a scroll of blinking
 h - 3 scrolls of remove curse
 i - 2 scrolls of amnesia
 m - 4 scrolls of identify
 n - a scroll of fear
 q - 2 scrolls of immolation
Potions
 a - a potion of invisibility
 b - 3 potions of curing
 c - 5 potions of heal wounds
 d - 2 potions of haste
 e - 2 potions of magic
 f - 2 potions of stabbing
 k - a potion of degeneration {unknown}
 o - 2 potions of berserk rage
 p - 2 potions of mutation


   Skills:
 - Level 10.6 Fighting
 - Level 13.2 Dodging
 - Level 2.6 Stealth
 - Level 11.8 Spellcasting
 - Level 14.6 Conjurations
 - Level 4.0 Translocations
 * Level 14.6 Ice Magic
 - Level 14.9 Air Magic
 - Level 12.0 Invocations


You had 11 spell levels left.
You knew the following spells:

 Your Spells              Type           Power        Failure   Level
a - Lightning Bolt        Conj/Air       ######....   1%          5
e - Ozocubu's Refrigerat  Ice            ######....   1%          6
x - Airstrike             Air            ######....   1%          4
D - Passage of Golubria   Tloc           N/A          10%         4
O - Ozocubu's Armour      Ice            ######..     1%          3

Your spell library contained the following spells:

 Spells                   Type           Power        Failure   Level
 Freeze                   Ice            ####         0%          1
 Magic Dart               Conj           ####         0%          1
 Shock                    Conj/Air       ####         0%          1
 Swiftness                Air            ######..     0%          2
 Blink                    Tloc           N/A          1%          2
 Corpse Rot               Necr/Air       N/A          1%          2
 Ensorcelled Hibernation  Hex/Ice        #####.       1%          2
 Searing Ray              Conj           ######       1%          2
 Conjure Flame            Conj/Fire      #####...     1%          3
 Dazzling Flash           Conj/Hex       #####.       1%          3
 Mephitic Cloud           Conj/Pois/Air  ######..     1%          3
 Static Discharge         Conj/Air       ######..     1%          3
 Stone Arrow              Conj/Erth      #####.       1%          3
 Iskenderun's Mystic Bla  Conj/Tloc      ######..     1%          4
 Conjure Ball Lightning   Conj/Air       ######....   1%          6
 Freezing Cloud           Conj/Ice/Air   ######....   1%          6
 Fulminant Prism          Conj/Hex       #####.....   2%          4
 Ice Form                 Ice/Tmut       #####...     2%          4
 Sticky Flame             Conj/Fire      #####...     2%          4
 Summon Ice Beast         Ice/Summ       #####...     2%          4
 Summon Lightning Spire   Summ/Air       #####...     2%          4
 Silence                  Hex/Air        #####.....   6%          5
 Fireball                 Conj/Fire      #####.....   7%          5
 Metabolic Englaciation   Hex/Ice        #####.....   7%          5
 Call Imp                 Summ           ##......     8%          2
 Slow                     Hex            ##......     8%          2
 Sublimation of Blood     Necr           ##........   8%          2
 Tukima's Dance           Hex            ##......     16%         3
 Simulacrum               Ice/Necr       #####.....   36%         6
 Starburst                Conj/Fire      #####.....   36%         6
 Cause Fear               Hex            ##........   45%         4
 Dispel Undead            Necr           ##......     45%         4
 Olgreb's Toxic Radiance  Pois           ##......     45%         4
 Petrify                  Tmut/Erth      ##......     45%         4
 Chain Lightning          Conj/Air       ######....   58%         8
 Agony                    Necr           ##......     80%         5
 Discord                  Hex            ##........   100%        8
 Tornado                  Air            ######....   100%        9
 Excruciating Wounds      Necr           Unusable     N/A         5

Dungeon Overview and Level Annotations

Branches:
Dungeon (1/1)

Altars:
Cheibriados
Dithmenos
Elyvilon
Fedhas
Gozag
Hepliaklqana
Kikubaaqudgha
Makhleb
Nemelex Xobeh
Okawaru
Qazlal
Ru
Sif Muna
Trog
Uskayaw
Vehumet
Wu Jian
Xom
Yredelemnul
Zin
The Shining One
Beogh
Jiyva
Lugonu

Shops:
D [:*:


Innate Abilities, Weirdness & Mutations

You cannot wear armour.
You are incapable of wielding weapons or throwing items.
Your paws allow you to move quietly. (Stealth)
You have sharp claws.
You have razor-sharp teeth.
You have supernaturally acute eyesight. (SInv)
You cover ground quickly.
Your thick and shaggy fur keeps you warm. (AC +3, rC+)
Your sharp claws are effective at attacking unaware monsters.


Message History

Aim: a spriggan druid, wielding a +0 quarterstaff and wearing a +0 robe (spectral mist, severely wounded)
You hear a mighty clap of thunder!
The bolt of lightning misses the spriggan druid.
You are engulfed in spectral mist.
* * * LOW HITPOINT WARNING * * *
The spriggan druid is engulfed in spectral mist.
The spriggan druid hits you with a +0 quarterstaff!!
* * * LOW HITPOINT WARNING * * *
Unknown command.
Unknown command.
Unknown command.
Casting: Lightning Bolt (dangerous; 1% risk of failure)
Confirm with . or Enter, or press ? or * to list all spells.
Aiming: Lightning Bolt (dangerous; 1% risk of failure)
Press: ? - help, Shift-Dir - straight line, f/p - spriggan druid
Aim: a spriggan druid, wielding a +0 quarterstaff and wearing a +0 robe (spectral mist, severely wounded)
You hear a mighty clap of thunder!
The bolt of lightning misses the spriggan druid.
You are engulfed in spectral mist.
You die...

▓.▓.▓.▓.▓.▓.▓'▓.▓.
▓○▓.▓.▓.▓.▓.▓.▓.▓.
▓☼▓.▓'▓.▓.▓.▓.▓.▓.
▓☼▓)▓.▓.▓.▓.▓.▓.▓'
▓°▓.▓=▓.▓.▓.▓.▓.▓.
▓§▓.▓.▓.▓.▓.▓.▓.▓.
▓°▓.▓=▓.▓'▓.▓.▓.▓)
▓°▓.▓.▓.▓)▓.▓)▓.▓.
♣@♣.▓)▓.▓)▓.▓.▓.▓.
♣i♣.▓)▓.▓.▓.▓.▓.▓'
♣☼♣(▓)▓.▓)▓.▓.▓.▓_
♣☼♣.▓)▓.▓)▓.▓?▓.▓_
♣○♣.▓)▓.▓)▓)▓.▓.▓_
♣†♣.▓)▓.▓.▓.▓.▓.▓_
♣†♣.▓)▓.▓.▓.▓'▓.▓_
♣.♣)▓)▓.▓.▓.▓.▓.▓_
♣.▓.▓)▓.▓.▓.▓.▓_


You could see a spriggan druid.

Vanquished Creatures
  A sphinx (D)
  Aizul (D)
  Azrael (D)
  A spark wasp (D)
  An ettin (D)
  A boulder beetle (D)
  A hydra (D)
  Harold (D)
  Erica (D)
  A ghost crab (D)
  A centaur warrior (D)
  7 two-headed ogres (D)
  An alligator (D)
  5 ogre magi (D)
  2 tengu warriors (D)
  A deep troll earth mage (D)
  An unseen horror (shapeshifter) (D)
  A swamp dragon (D)
  A lindwurm (D)
  2 orc knights (D)
  2 ugly things (D)
  An elephant (D)
  Joseph (D)
  2 black mambas (D)
  Psyche (D)
  A torpor snail (D)
  2 cane toads (D)
  2 rime drakes (D)
  A komodo dragon (D)
  A tengu conjurer (D)
  A hornet (D)
  2 slime creatures (D)
  3 tyrant leeches (D)
  2 blink frogs (D)
  2 bog bodies (D)
  A vampire (D)
  4 fire elementals (D)
  A yak (D)
  2 basilisks (D)
  2 vampire mosquitoes (D)
  2 hell hounds (D)
  3 water moccasins (D)
  13 orc warriors (D)
  2 sky beasts (D)
  An ice beast (D)
  2 ogres (D)
  5 bullfrogs (D)
  A hound (D)
  3 orc priests (D)
  3 orc wizards (D)
  A worker ant (D)
  An adder (D)
  A worm (D)
  A leopard gecko (D)
  7 orcs (D)
  2 bat skeletons (D)
  A bat zombie (D)
  A goblin (D)
  2 jackals (D)
  A bat (D)
  A kobold (D)
  A quokka zombie (D)
121 creatures vanquished.

Notes
Turn   | Place    | Note
-------+----------+-------------------------------------------
     0 | D        | sahdkjhfkaj the Felid Air Elementalist began the quest for
                  | the Orb.
     0 | D        | Reached XP level 1. HP: 7/7 MP: 4/4
     5 | D        | Reached skill level 1 in Conjurations
     8 | D        | Reached skill level 1 in Fighting
    60 | D        | Reached XP level 2. HP: 12/12 MP: 3/6
   201 | D        | Found a roughly hewn altar of Beogh.
   201 | D        | Found a snail-covered altar of Cheibriados.
   201 | D        | Found a shadowy altar of Dithmenos.
   201 | D        | Found a white marble altar of Elyvilon.
   201 | D        | Found a blossoming altar of Fedhas.
   201 | D        | Found an opulent altar of Gozag.
   202 | D        | Found a hazy altar of Hepliaklqana.
   203 | D        | Found a viscous altar of Jiyva.
   204 | D        | Found an ancient bone altar of Kikubaaqudgha.
   205 | D        | Found a corrupted altar of Lugonu.
   206 | D        | Found a burning altar of Makhleb.
   207 | D        | Found a sparkling altar of Nemelex Xobeh.
   208 | D        | Found an iron altar of Okawaru.
   209 | D        | Found a stormy altar of Qazlal.
   210 | D        | Found a sacrificial altar of Ru.
   211 | D        | Found a shimmering blue altar of Sif Muna.
   212 | D        | Found a bloodstained altar of Trog.
   213 | D        | Found a hide-covered altar of Uskayaw.
   214 | D        | Found a radiant altar of Vehumet.
   215 | D        | Found an ornate altar of the Wu Jian Council.
   216 | D        | Found a shimmering altar of Xom.
   217 | D        | Found a basalt altar of Yredelemnul.
   218 | D        | Found a glowing silver altar of Zin.
   219 | D        | Found a glowing golden altar of the Shining One.
   235 | D        | Became a worshipper of Sif Muna the Loreminder
   274 | D        | Noticed a sky beast
   274 | D        | Noticed a bullfrog
   274 | D        | Noticed a vampire
   280 | D        | Reached XP level 3. HP: 9/16 MP: 0/8
   585 | D        | Killed a bullfrog
   585 | D        | Reached * piety under Sif Muna
   585 | D        | Reached skill level 5 in Air Magic
   585 | D        | Reached XP level 4. HP: 21/21 MP: 0/10
   677 | D        | Learned a level 4 spell: Airstrike
   800 | D        | Killed a sky beast
   800 | D        | Reached XP level 5. HP: 25/25 MP: 2/12
   882 | D        | Learned a level 5 spell: Lightning Bolt
   898 | D        | Killed a vampire
   898 | D        | Reached skill level 5 in Fighting
   898 | D        | Reached skill level 5 in Spellcasting
   898 | D        | Gained mutation: You are covered in thick fur. (AC +2)
                  | [Felid growth]
   898 | D        | Reached XP level 6. HP: 30/30 MP: 1/15
  1021 | D        | Reached ** piety under Sif Muna
  1077 | D        | Noticed a boulder beetle
  1077 | D        | Noticed an ice beast
  1077 | D        | Noticed a sky beast
  1081 | D        | Killed an ice beast
  1081 | D        | Demolished by a boulder beetle
  1082 | D        | Reached XP level 5. HP: -14/27 MP: 0/14
  1102 | D        | Noticed a vampire mosquito
  1102 | D        | Noticed a tyrant leech
  1103 | D        | Noticed a blink frog
  1105 | D        | Noticed a cane toad
  1175 | D        | Killed a vampire mosquito
  1175 | D        | Reached XP level 6. HP: 31/31 MP: 10/16
  1177 | D        | Killed a cane toad
  1177 | D        | Reached *** piety under Sif Muna
  1177 | D        | Reached XP level 7. HP: 35/35 MP: 0/17
  1177 | D        | Noticed a tyrant leech
  1199 | D        | Noticed a blink frog
  1354 | D        | Killed a tyrant leech
  1503 | D        | Killed a blink frog
  1503 | D        | Reached skill level 10 in Air Magic
  1503 | D        | Reached XP level 8. HP: 16/40 MP: 6/19
  1736 | D        | Killed a tyrant leech
  1736 | D        | Reached skill level 10 in Conjurations
  1995 | D        | Reached **** piety under Sif Muna
  2039 | D        | Killed a blink frog
  2175 | D        | Reached ***** piety under Sif Muna
  2176 | D        | Received a gift from Sif Muna
  2193 | D        | Noticed an ettin
  2824 | D        | Killed an ettin
  2824 | D        | Identified Zykefrux's Reference Book on the Captivating
                  | Rocks (Sif Muna gifted it to you in the Dungeon)
  2824 | D        | Received a gift from Sif Muna
  2824 | D        | Reached XP level 9. HP: 45/45 MP: 11/22
  3149 | D        | Noticed a rime drake
  3149 | D        | Noticed a lindwurm
  3149 | D        | Noticed an elephant
  3149 | D        | Noticed a cane toad
  3152 | D        | Killed an elephant
  3152 | D        | Killed a lindwurm
  3152 | D        | Killed a rime drake
  3152 | D        | Noticed a six-headed hydra
  3153 | D        | Killed a cane toad
  3153 | D        | Reached XP level 10. HP: 34/51 MP: 2/24
  3370 | D        | Noticed a torpor snail
  3372 | D        | Noticed a black mamba
  3374 | D        | Killed a six-headed hydra
  3374 | D        | Received a gift from Sif Muna
  3374 | D        | Reached skill level 10 in Fighting
  3374 | D        | Killed a torpor snail
  3480 | D        | Killed a black mamba
  3538 | D        | Noticed a black mamba
  3544 | D        | Identified Sif Muna's Handbook of Damage Dealing (Sif Muna
                  | gifted it to you in the Dungeon)
  3544 | D        | Received a gift from Sif Muna
  3544 | D        | Reached skill level 10 in Spellcasting
  3730 | D        | Killed a black mamba
  3814 | D        | Reached skill level 5 in Dodging
  3993 | D        | Noticed Harold
  3996 | D        | Killed Harold
  4098 | D        | Killed a boulder beetle
  4098 | D        | Reached XP level 11. HP: 55/55 MP: 10/26
  4107 | D        | Identified Sif Muna's Guide on the Volcanoes and
                  | Malediction (Sif Muna gifted it to you in the Dungeon)
  4107 | D        | Received a gift from Sif Muna
  4676 | D        | Received a gift from Sif Muna
  4682 | D        | Noticed an orc knight
  4996 | D        | Killed an orc knight
  4996 | D        | Reached skill level 10 in Dodging
  5375 | D        | Found Uhituhei's Armour Emporium.
  5375 | D        | Noticed a two-headed ogre
  5375 | D        | Noticed a two-headed ogre
  5375 | D        | Noticed a two-headed ogre
  5375 | D        | Noticed an ogre mage
  5375 | D        | Noticed an ogre mage
  5375 | D        | Noticed a two-headed ogre
  5378 | D        | Killed a two-headed ogre
  5378 | D        | Killed a two-headed ogre
  5378 | D        | Received a gift from Sif Muna
  5378 | D        | Killed an ogre mage
  5379 | D        | Killed a two-headed ogre
  5379 | D        | Killed a two-headed ogre
  5380 | D        | Killed an ogre mage
  5380 | D        | Reached ****** piety under Sif Muna
  5380 | D        | Noticed an ogre mage
  5387 | D        | Noticed an ogre mage
  5388 | D        | Noticed a two-headed ogre
  5392 | D        | Killed an ogre mage
  5393 | D        | Killed a two-headed ogre
  5403 | D        | Killed an ogre mage
  5403 | D        | Gained mutation: Your thick and shaggy fur keeps you warm.
                  | (AC +3, rC+) [Felid growth]
  5403 | D        | Reached XP level 12. HP: 49/59 MP: 1/28
  5452 | D        | Identified Sif Muna's Foundations of Sorcery (Sif Muna
                  | gifted it to you in the Dungeon)
  5452 | D        | Received a gift from Sif Muna
  5459 | D        | Noticed an ogre mage
  5459 | D        | Noticed a two-headed ogre
  5537 | D        | Killed an ogre mage
  5878 | D        | Killed a two-headed ogre
  5998 | D        | Found Ytuimo's Book Shoppe.
  6002 | D        | Found Cadaoj's Assorted Antiques.
  6006 | D        | Found Biosh's Book Shoppe.
  6032 | D        | Bought the Compendium of Ashen Snow for 897 gold pieces
  6039 | D        | Learned a level 6 spell: Ozocubu's Refrigeration
  6103 | D        | Noticed Erica
  6115 | D        | Killed Erica
  6115 | D        | Reached skill level 10 in Invocations
  6331 | D        | Noticed a two-headed ogre
  6331 | D        | Noticed a tengu warrior
  6331 | D        | Noticed a tengu warrior
  6333 | D        | Killed a two-headed ogre
  6333 | D        | Noticed a centaur warrior
  6335 | D        | Killed a tengu warrior
  6335 | D        | Reached skill level 5 in Ice Magic
  6336 | D        | Noticed a deep troll earth mage
  6337 | D        | Noticed a spark wasp
  6338 | D        | Killed a tengu warrior
  6338 | D        | Identified Sif Muna's Advanced Steps in Magic (Sif Muna
                  | gifted it to you in the Dungeon)
  6338 | D        | Received a gift from Sif Muna
  6338 | D        | Killed a centaur warrior
  6343 | D        | Killed a deep troll earth mage
  6345 | D        | Noticed a sphinx
  6348 | D        | Mangled by a spark wasp
  6349 | D        | Reached XP level 11. HP: -8/55 MP: 6/27
  6429 | D        | Killed a spark wasp
  6431 | D        | Received a gift from Sif Muna
  6591 | D        | Killed a sphinx
  6591 | D        | Reached skill level 10 in Ice Magic
  6701 | D        | Noticed an unseen horror
  6706 | D        | Killed an unseen horror
  6706 | D        | Reached XP level 12. HP: 59/59 MP: 4/28
  6848 | D        | Noticed Psyche
  6858 | D        | Killed Psyche
  6940 | D        | Noticed Aizul
  6947 | D        | Learned a level 4 spell: Passage of Golubria
  6956 | D        | Killed from afar by Aizul
  6957 | D        | Reached XP level 11. HP: -2/55 MP: 6/27
  7213 | D        | Killed Aizul
  7440 | D        | Noticed Azrael
  7442 | D        | Identified Zoiraita's Compendium of Icy Lightness (Sif Muna
                  | gifted it to you in the Dungeon)
  7442 | D        | Received a gift from Sif Muna
  7444 | D        | Killed Azrael
  7536 | D        | Learned a level 3 spell: Ozocubu's Armour
  7728 | D        | Noticed Joseph
  7734 | D        | Killed Joseph
  7885 | D        | Noticed a swamp dragon
  7885 | D        | Noticed a spriggan druid
  7888 | D        | Killed a swamp dragon
  7888 | D        | Noticed an alligator
  7889 | D        | Received a gift from Sif Muna
  7890 | D        | Noticed a ghost crab
  7894 | D        | Noticed a spectral anaconda
  7894 | D        | Killed an alligator
  7894 | D        | Killed a ghost crab
  7896 | D        | Engulfed by a cloud of spectral mist

Illustrated notes

Levels and vault maps discovered:
D:        linesprint [early_d, line_temple, items_1, d_10, items_2, lair_1,
          lair_end, items_3, orc_1, orc_end, items_4, d_15, swamp_1, shoals_1,
          snake_1, spider_1, d_20, vaults_1, items_5, swamp_end, shoals_end,
          snake_end, spider_end, vaults_end, d_27, items_6, zot_1, zot_end,
          crypt_end, forest_end, elf_end, slime_end, tomb_end, abyss_end,
          pan_hell_end]

Skill      XL: |  1  2  3  4  5  6  7  8  9 10 11 12 |
---------------+-------------------------------------+-----
Conjurations   | 2 3 4 6 8 9 11 12 13 14 | 14.6
Air Magic      | 3 4 5 6 7 9 10 11 12 14 | 14.9
Fighting       | 1 2 3 4 6 7 9 10 | 10.6
Spellcasting   | 3 4 6 7 8 9 10 11 | 11.8
Dodging        | 8 13 | 13.2
Invocations    | 12 11 | 12.0
Ice Magic      | 14 8 | 14.6
Translocations | 4 |  4.0
Stealth        | |  2.6

Action                   |  1- 3 |  4- 6 |  7- 9 | 10-12 || total
-------------------------+-------+-------+-------+-------++-------
Melee: Unarmed           |     5 |     1 |    13 |     3 ||    22
       Bite              |       |     1 |       |     1 ||     2
 Cast: Shock             |    22 |     3 |     8 |       ||    33
       Airstrike         |       |    12 |    11 |    24 ||    47
       Lightning Bolt    |       |     6 |    23 |   108 ||   137
       Ozocubu's Refrige |       |       |       |    13 ||    13
       Passage of Golubr |       |       |       |     1 ||     1
Invok: Channel Magic     |       |       |       |     7 ||     7
       Forget Spell      |       |       |       |     1 ||     1
Evoke: Wand              |       |       |     7 |       ||     7
  Use: Potion            |       |     2 |     3 |     4 ||     9
       Scroll            |       |       |     1 |     1 ||     2
Armor: Skin              |       |       |       |     1 ||     1
Dodge: Dodged            |    23 |     8 |     9 |    71 ||   111

Table legend: (Time is in decaauts)
 A = Elapsed time spent in this place.
 B = Non-inter-level travel time spent in this place.
 C = Inter-level travel time spent in this place.
 D = Time resting spent in this place.
 E = Time spent auto-exploring this place.
 F = Levels seen in this place.
 G = Mean time per level.
                   A        B        C        D        E       F      G
               +--------+--------+--------+--------+--------+-----+--------+
         Total |   7471 |   7411 |     60 |   4275 |   1696 |   1 | 7471.0 |
       Dungeon |   7471 |   7411 |     60 |   4275 |   1696 |   1 | 7471.0 |
               +--------+--------+--------+--------+--------+-----+--------+

Top non-repeatable levels by time:
       D: 7471 daAuts
